 Dungeon Crawl Stone Soup version 0.29.0-13-gc9e81de378 (webtiles) character file.

Game seed: 11165214762539072008

265 Hubris850 the Slasher (level 6, -2/43 HPs)
             Began as a Djinni Gladiator on Sept 7, 2022.
             Slain by Duvessa
             ... wielding a +0 short sword
              (7 damage)
             ... on level 4 of the Dungeon.
             The game lasted 00:07:09 (3205 turns).

Hubris850 the Slasher (Djinni Gladiator)            Turns: 3205, Time: 00:07:10

Health: -2/43      AC:  5    Str: 13    XL:     6   Next: 44%
Gold:   130        EV: 13    Int: 12    God:
                   SH:  0    Dex: 14

rFire   + + +      SeeInvis .   b - +2 short sword (venom)
rCold   . . .      Faith    .   (no shield)
rNeg    . . .      Spirit   .   m - +0 leather armour
rPois   ∞          Reflect  .   c - +0 helmet
rElec   +          Harm     .   (no cloak)
rCorr   +          Rampage  .   n - +0 pair of gloves
Will    .....                   (boots unavailable)
Stlth   +.........              (no amulet)
HPRegen 0.14/turn               (no ring)
MPRegen 0.00/turn               (no ring)

@: resistant, flying
A: sickness immunity, fire resistance 2, cold vulnerability 1, float, innate
caster, HP casting, extra vitality 1
a: no special abilities


You were on level 4 of the Dungeon.
You visited 1 branch of the dungeon, and saw 5 of its levels.

You collected 130 gold pieces.

Inventory:

Hand Weapons
 a - a +0 long sword
 b - a +2 short sword of venom (weapon)
Missiles
 d - 3 throwing nets
 e - a javelin
Armour
 c - a +0 helmet (worn)
 m - a +0 leather armour (worn)
 n - a +0 pair of gloves (worn)
Scrolls
 f - a scroll of immolation {unknown}
 g - a scroll of fog {unknown}
 i - 2 scrolls of identify {unknown}
 j - 3 scrolls of teleportation {unknown}
 l - a scroll of brand weapon {unknown}
Potions
 o - a potion of haste {unknown}


   Skills:
 - Level 2.0 Fighting
 + Level 4.5 Long Blades
 - Level 1.5 Throwing
 - Level 3.9 Dodging
 + Level 2.8 Spellcasting


You had 7 spell levels left.
You knew the following spells:

 Your Spells              Type           Power      Damage    Failure   Level
a - Sting                 Tmut/Pois      32%        1d4       10%         1
b - Searing Ray           Conj           16%        2d5       16%         2
Your spell library was empty.

Dungeon Overview and Level Annotations

Branches:
Dungeon (5/15)
 Temple: D:4-7

Altars:
Elyvilon

Annotations:
D:3 1 runed translucent door
D:4 Duvessa


Innate Abilities, Weirdness & Mutations

You are immune to sickness and miasma.
You are immune to poison.
Your flesh is very heat resistant. (rF++)
You are vulnerable to cold. (rC-)
You float through the air rather than walking.
You learn spells naturally, not from books.
Your magical power is your life essence.
You have superior vitality. (+4 MHP)


Message History

Unknown command.
You start resting.
You hear the slow rusting of a very distant drain.
You start resting.
You hear the rusting of a very distant drain.
You start resting.
Duvessa, Sister of Dowan comes into view.
She is wielding a +0 short sword and wearing a +0 leather armour of willpower.
Duvessa shouts!
Duvessa goes berserk!
An adder comes into view.
The adder hisses angrily.
It was a potion of resistance.
You feel protected.
It was a potion of ambrosia.
You are confused.
You feel invigorated. Duvessa closely misses you.
Duvessa rages.
Duvessa hits you with a +0 short sword. Duvessa attacks as you move away!
Duvessa barely misses you.
You hear the rusting of a very distant drain.
Duvessa closely misses you. Duvessa hits you with a +0 short sword.
You bump into the rock wall.
You feel less invigorated.
You feel less confused. Duvessa hits you with a +0 short sword!
The adder bites you.
You hit Duvessa.
Duvessa is lightly wounded.
Duvessa hits you with a +0 short sword! The adder closely misses you.
Duvessa hits you with a +0 short sword!
* * * LOW HITPOINT WARNING * * *
You hit Duvessa.
Duvessa is poisoned.
Duvessa is lightly wounded.
The adder bites you.
* * * LOW HITPOINT WARNING * * *
Duvessa barely misses you. The adder bites you.
* * * LOW HITPOINT WARNING * * *
You hit Duvessa.
Duvessa is lightly wounded.
Duvessa hits you with a +0 short sword!
You die...

.......................#
...............[...#
...................#
...................#
.................†.#
...........).......#
...................#
..........)Se......#
............@......#
####################


You could see Duvessa (berserk, very poisoned) and an adder.

Vanquished Creatures
  A black bear (D:4)
  Dowan (D:4)
  An iguana (D:5)
  An orc wizard (D:3)
  An adder (D:2)
  A worm (D:3)
  A dart slug (D:1)
  5 orcs
  6 endoplasms
  2 giant cockroaches (D:2)
  7 goblins
  5 hobgoblins
  9 kobolds
  2 quokkas (D:1)
  2 ball pythons (D:2)
  4 bats
  2 frilled lizards
  4 rats
55 creatures vanquished.

Notes
Turn   | Place    | Note
-------+----------+-------------------------------------------
     0 | D:1      | Hubris850 the Djinni Gladiator began the quest for the Orb.
     0 | D:1      | Reached XP level 1. HP: 18/18 MP: 0/0
   110 | D:1      | Reached XP level 2. HP: 20/23 MP: 0/0
   259 | D:1      | Reached skill level 3 in Long Blades
   463 | D:1      | Reached XP level 3. HP: 28/28 MP: 0/0
   463 | D:1      | Learned a level 1 spell: Sting
   587 | D:1      | Reached skill level 1 in Spellcasting
  1662 | D:2      | Reached XP level 4. HP: 32/33 MP: 0/0
  1803 | D:2      | Found a faded altar of an unknown god.
  2596 | D:3      | Reached XP level 5. HP: 34/38 MP: 0/0
  2596 | D:3      | Learned a level 2 spell: Searing Ray
  2654 | D:3      | Found a runed translucent gate.
  2654 | D:3      | You are sucked into a shaft and drop 2 floors!
  2654 | D:5      | Entered Level 5 of the Dungeon
  2863 | D:4      | Found a white marble altar of Elyvilon.
  2937 | D:4      | Noticed a black bear
  2967 | D:4      | Killed a black bear
  2968 | D:4      | Reached skill level 4 in Long Blades
  2968 | D:4      | Reached XP level 6. HP: 27/43 MP: 0/0
  3053 | D:4      | Noticed Dowan
  3075 | D:4      | Killed Dowan
  3193 | D:4      | Noticed Duvessa
  3205 | D:4      | Slain by Duvessa

Illustrated notes

Levels and vault maps discovered:
D:1:      lemuel_arrival_tunnels, layout_loops_ring
D:2:      layout_loops_corners, shapermc_ecumenical_altar_ellora
D:3:      layout_basic, ebering_ghost_gozag
D:4:      layout_basic, kennysheep_ying_yang, zin_statuary,
          portal_sewer_entry_a, uniq_sigmund, uniq_duvessa
D:5:      layout_layer_cave, serial_shops, nicolae_shop_trees

Skill      XL: |  1  2  3  4  5 |
---------------+----------------+-----
Long Blades    | 3 4 |  4.5
Spellcasting   | 1 2 |  2.8
Fighting       | |  2.0
Throwing       | |  1.5
Dodging        | |  3.9

Action                   |  1- 3 |  4- 6 || total
-------------------------+-------+-------++-------
Melee: Long sword        |    57 |    40 ||    97
       Punch             |     1 |       ||     1
       Short sword       |       |    32 ||    32
Throw: Stone             |    14 |       ||    14
       Throwing net      |     1 |       ||     1
 Cast: Sting             |    11 |    12 ||    23
       Searing Ray       |       |     1 ||     1
  Use: Potion            |       |     2 ||     2
 Stab: Sleeping          |       |     1 ||     1
Armor: Leather armour    |    14 |    25 ||    39
Dodge: Dodged            |    33 |    55 ||    88
